 Dungeon Crawl Stone Soup version 0.32-a0-43-g058985b245 (webtiles) character file.

Game seed: 7686660978715174941

844 whatisthis the Trooper (level 7, -1/59 HPs)
             Began as a Demonspawn Reaver on Feb 3, 2024.
             Slain by a kobold brigand
             ... wielding a +0 short sword
              (5 damage)
             ... on level 6 of the Dungeon.
             The game lasted 00:07:34 (5154 turns).

whatisthis the Trooper (Demonspawn Reaver)          Turns: 5154, Time: 00:07:35

Health: -1/59      AC:  6    Str: 13    XL:     7   Next: 68%
Magic:  10/10      EV: 16    Int: 13    God:
Gold:   367        SH:  0    Dex: 13    Spells: 9/10 levels left

rFire   + . .        o - +1 long sword (freeze)
rCold   + . .        (no shield)
rNeg    . . .        b - +0 leather armour
rPois   +            (no helmet)
rElec   +            (no cloak)
rCorr   +            u - +0 pair of gloves
SInv    .            (no boots)
Will    .....        (no amulet)
Stlth   +            (no ring)
HPRegen 0.29/turn    (no ring)
MPRegen 0.12/turn

%: no passive effects
@: agile, lethally poisoned (-1 -> -4), resistant, slowed, very slow
A: powered by pain 1, sharp scales 2, weakness stinger 2
a: no special abilities


You were on level 6 of the Dungeon.
You visited 1 branch of the dungeon, and saw 6 of its levels.

You collected 367 gold pieces.

Inventory:

Hand Weapons
 a - a +0 falchion
 i - a +4 dagger
 o - a +1 long sword of freezing (weapon)
Missiles
 g - 9 poisoned darts
 p - a curare-tipped dart (quivered)
 w - 2 boomerangs
Armour
 b - a +0 leather armour (worn)
 u - a +0 pair of gloves (worn)
Scrolls
 d - 2 scrolls of noise {unknown}
 e - 4 scrolls of teleportation {unknown}
 f - a scroll of amnesia {unknown}
 h - a scroll of revelation {unknown}
 j - 3 scrolls of identify {unknown}
 l - 2 scrolls of vulnerability {unknown}
 m - a scroll of blinking {unknown}
 q - a scroll of immolation {unknown}
 r - 2 scrolls of fear {unknown}
 v - a scroll of acquirement {unknown}
Potions
 c - a potion of might {unknown}
 k - a potion of resistance
 n - a potion of curing {unknown}
 s - a potion of enlightenment {unknown}
 t - a potion of haste {unknown}


   Skills:
 + Level 6.4 Fighting
 + Level 6.2 Long Blades
 - Level 1.7 Dodging
 - Level 2.0 Spellcasting
 - Level 3.0 Conjurations


You had 9 spell levels left.
You knew the following spells:

 Your Spells              Type           Power      Damage    Failure   Level
a - Kiss of Death         Conj/Necr      20%        2d7       17%         1

Your spell library contained the following spells:

 Spells                   Type           Power      Damage    Failure   Level
 Magic Dart               Conj           36%        1d4       10%         1
 Momentum Strike          Conj/Tloc      10%        3d8       26%         2
 Blink                    Tloc           2%         N/A       43%         2
 Call Imp                 Summ           2%         N/A       43%         2
 Hailstorm                Conj/Ice       5%         3d5       45%         3
 Volatile Blastmotes      Fire/Tloc      2%         2d10      67%         3
 Fulminant Prism          Conj/Alch      2%         3d5       86%         4
 Iskenderun's Mystic Bla  Conj/Tloc      5%         2d3       86%         4


Dungeon Overview and Level Annotations

Branches:
Dungeon (6/15)
 Temple: D:4-7

Altars:
Dithmenos
Gozag
Trog
Vehumet

Annotations:
D:4 1 runed translucent door, Crazy Yiuf


Innate Abilities, Weirdness & Mutations

You sometimes gain a little power by taking damage.
You are mostly covered in razor-sharp scales. (AC +2, Slay +2)
You have a tail ending in a sharp stinger.


Message History

You have difficulty breathing.
* * * LOW HITPOINT WARNING * * *
You feel yourself slow down.
Unknown command.
Throw: 3 darts (curare)
Press: ? - help, Q - select action, (/) - cycle Shift-Dir - straight line, f - kobold brigand
Aim: a kobold brigand, wielding a +0 short sword and quivering curare-tipped darts (53% to hit)
You throw a curare-tipped dart.
The curare-tipped dart barely misses the kobold brigand.
* * * LOW HITPOINT WARNING * * *
You feel very sick.
A kobold comes into view. It is wielding a +0 whip.
The kobold brigand barely misses you.
The kobold moves out of view.
Throw: 2 darts (curare)
Press: ? - help, Q - select action, (/) - cycle Shift-Dir - straight line, f/p - kobold brigand
Aim: a kobold brigand, wielding a +0 short sword and quivering curare-tipped darts (53% to hit)
You throw a curare-tipped dart.
The curare-tipped dart barely misses the kobold brigand.
* * * LOW HITPOINT WARNING * * *
You feel very sick. The kobold brigand closely misses you.
You slash the kobold brigand! You freeze the kobold brigand.
Your tail-slap misses the kobold brigand.
The kobold brigand is heavily wounded.
* * * LOW HITPOINT WARNING * * *
You feel very sick.
You hear a shout!
A kobold comes into view. It is wielding a +0 club.
A kobold comes into view. It is wielding a +0 dagger.
The kobold brigand barely misses you. The kobold brigand misses you.
The kobold moves out of view.
You hear a shout! x2; You hear an angry hiss.
You hear a shout!
It was a potion of resistance.
You feel protected.
* * * LOW HITPOINT WARNING * * *
You feel sick.
You hear a shout!
The kobold brigand misses you.
The kobold brigand hits you with a +0 short sword.
You die...

#.#........ .#
#.##.###.## ...
#.##.# #.#
...#######....###.#
.................#
........(.#.##### #
#.......#.#
#.###.......#.#
#..@KK....(.#.#
#####.......#.#
#.......#.#
#.......#.#
####.##.# #.# .#
#.# .# #.# .#


You could see a kobold brigand and a kobold.

Vanquished Creatures
  A hornet (D:4)
  An ogre (D:5)
  A phantom (D:5)
  A bullfrog (D:6)
  2 scorpions
  2 hounds
  2 iguanas (D:5)
  An orc wizard (D:5)
  6 adders
  A white imp (D:6)
  2 ufetubi (D:6)
  4 dart slugs
  4 ribbon worms
  8 orcs
  2 endoplasms
  4 giant cockroaches
  7 hobgoblins
  8 kobolds
  4 quokkas
  5 ball pythons
  4 bats
  3 frilled lizards
  9 goblins
  5 rats
87 creatures vanquished.

Notes
Turn   | Place    | Note
-------+----------+-------------------------------------------
     0 | D:1      | whatisthis the Demonspawn Reaver began the quest for the
                  | Orb.
     0 | D:1      | Reached XP level 1. HP: 16/16 MP: 3/3
   220 | D:1      | Gained mutation: You have a small tail. [demonic ancestry]
   220 | D:1      | Reached XP level 2. HP: 16/23 MP: 5/5
   912 | D:2      | Gained mutation: You have a tail ending in a sharp stinger.
                  | [demonic ancestry]
   912 | D:2      | Reached XP level 3. HP: 27/28 MP: 6/6
  1682 | D:3      | Found a radiant altar of Vehumet.
  1785 | D:3      | Gained mutation: You are partially covered in razor-sharp
                  | scales. (AC +1, Slay +1) [demonic ancestry]
  1785 | D:3      | Reached XP level 4. HP: 34/35 MP: 7/7
  2171 | D:3      | Found a faded altar of an unknown god.
  2232 | D:3      | Found a shadowy altar of Dithmenos.
  2696 | D:4      | Found an opulent altar of Gozag.
  2761 | D:4      | Found a runed translucent door.
  2762 | D:4      | Noticed Crazy Yiuf
  2796 | D:4      | Noticed a hornet
  2913 | D:4      | Noticed a scorpion
  2924 | D:4      | Killed a scorpion
  2925 | D:4      | Gained mutation: You sometimes gain a little power by
                  | taking damage. [demonic ancestry]
  2925 | D:4      | Reached XP level 5. HP: 15/42 MP: 8/8
  3347 | D:4      | Killed a hornet
  3348 | D:4      | Reached skill level 5 in Fighting
  3348 | D:4      | Reached skill level 5 in Long Blades
  3348 | D:4      | Reached XP level 6. HP: 47/51 MP: 9/9
  3714 | D:5      | Entered Level 5 of the Dungeon
  4305 | D:5      | Gained mutation: You are mostly covered in razor-sharp
                  | scales. (AC +2, Slay +2) [demonic ancestry]
  4305 | D:5      | Reached XP level 7. HP: 44/56 MP: 10/10
  4597 | D:5      | Found a bloodstained altar of Trog.
  5154 | D:6      | Slain by a kobold brigand

Illustrated notes

Levels and vault maps discovered:
D:1:      dpeg_arrival_radiant, layout_loops_ring
D:2:      minmay_alternating_diamond, layout_basic, hangedman_decor_growths,
          minmay_misc_feat_square, chequers_garden, nrook_mini_vaults
D:3:      minmay_inner_zag, layout_loops_ring,
          mainiacjoe_overflow_cross_hatched, mainiacjoe_overflow_chevrons,
          lemuel_coloured_pillars_altar, hellmonk_ecumenical_altar_crossroads
D:4:      layout_gridville, nicolae_gozag_cash_rules_everything_around_me,
          uniq_crazy_yiuf_cottage
D:5:      layout_layer_cave, lemuel_round_altar, lemuel_flame_loot_1
D:6:      layout_loops_ring

Skill      XL: |  1  2  3  4  5  6  7 |
---------------+----------------------+-----
Long Blades    | 3 4 5 6 |  6.2
Fighting       | 3 4 5 6 |  6.4
Dodging        | |  1.7
Spellcasting   | |  2.0
Conjurations   | |  3.0

Action                     |  1- 3 |  4- 6 |  7- 9 || total
---------------------------+-------+-------+-------++-------
  Melee: Falchion          |   109 |       |       ||   109
         Punch             |     2 |     1 |     1 ||     4
         Tailslap          |     4 |     9 |     4 ||    17
         Long sword        |    38 |    95 |    39 ||   172
  Throw: Dart              |       |    14 |    10 ||    24
         Boomerang         |       |     2 |       ||     2
    Use: Potion            |       |       |     1 ||     1
   Stab: Sleeping          |       |       |     1 ||     1
 Armour: Leather armour    |   100 |    66 |    34 ||   200
  Dodge: Dodged            |   111 |    51 |    55 ||   217

Table legend: (Time is in decaauts)
 A = Elapsed time spent in this place.
 B = Non-inter-level travel time spent in this place.
 C = Inter-level travel time spent in this place.
 D = Time resting spent in this place.
 E = Time spent auto-exploring this place.
 F = Levels seen in this place.
 G = Mean time per level.
                   A        B        C        D        E       F      G
               +--------+--------+--------+--------+--------+-----+--------+
         Total |   5201 |   4986 |    215 |    377 |   3642 |   6 |  866.8 |
       Dungeon |   5201 |   4986 |    215 |    377 |   3642 |   6 |  866.8 |
               +--------+--------+--------+--------+--------+-----+--------+

Top non-repeatable levels by time:
     D:5: 1367 daAuts
     D:4: 1040 daAuts
     D:3: 1009 daAuts
     D:2: 933 daAuts
     D:1: 768 daAuts
     D:6: 82 daAuts
